 Dungeon Crawl Stone Soup version 0.18.1-50-g88ac8fd (webtiles) character file.

71 CougarLife the Skirmisher (level 4, -4/40 HPs)
             Began as a Hill Orc Berserker on Dec 26, 2016.
             Was a Believer of Trog.
             Slain by a gnoll
             ... wielding a +0 spear
              (8 damage)
             ... on level 2 of the Dungeon.
             The game lasted 00:09:45 (2219 turns).

CougarLife the Skirmisher (Hill Orc Berserker)      Turns: 2219, Time: 00:09:45

Health: -4/40      AC:  2    Str: 20    XL:     4   Next: 24%
Magic:  4/4        EV:  9    Int:  7    God:    Trog [**....]
Gold:   68         SH:  8    Dex: 10    Spells: 0 memorised, 3 levels left

rFire  . . .     SeeInvis .     a - +0 falchion
rCold  . . .     Gourm    .     b - +0 animal skin
rNeg   . . .     Faith    .     i - +1 shield
rPois  .         Spirit   .     (no helmet)
rElec  .         Dismiss  .     (no cloak)
rCorr  .         Reflect  .     (no gloves)
SustAt .         Harm     .     (no boots)
MR     .....                    (no amulet)
Stlth  +.........               (no ring)
                                (no ring)

@: not resistant to hostile enchantments, very unstealthy
A: no striking features
a: Berserk, Trog's Hand, Burn Spellbooks, Renounce Religion


You were on level 2 of the Dungeon.
You worshipped Trog.
Trog was pleased with you.
You were not hungry.

You visited 1 branch of the dungeon, and saw 2 of its levels.

You collected 68 gold pieces.

Inventory:

Hand Weapons
 a - a +0 falchion (weapon)
Armour
 b - a +0 animal skin (worn)
 i - a +1 shield (worn)
Potions
 d - 2 potions of curing
 e - 2 potions of might {unknown}
 f - a potion of heal wounds {unknown}
 h - a potion of brilliance {unknown}
 j - a potion of degeneration {unknown}
 k - a potion of ambrosia {unknown}
Books
 g - a book of the Sky

   Spells                             Type                      Level
   a - Summon Lightning Spire         Summoning/Air                4
   b - Airstrike                      Air                          4
   c - Silence                        Hexes/Air                    5
   d - Deflect Missiles               Charms/Air                   6
   e - Conjure Ball Lightning         Conjuration/Air              6
   f - Tornado                        Air                          9
   Trog disapproves of the use of such an item.
Comestibles
 c - 3 bread rations
 l - a royal jelly


   Skills:
 + Level 4.3 Fighting
 + Level 4.1 Long Blades
 + Level 2.4 Armour
 + Level 2.3 Dodging
 + Level 0.1 Stealth


You had 3 spell levels left.
You didn't know any spells.

Dungeon Overview and Level Annotations

Branches:
Dungeon (2/15)

Altars:


Message History

The gnoll is lightly wounded.
The gnoll hits you from afar with a spear.
* * * LOW HITPOINT WARNING * * *
The gnoll completely misses you. You block the gnoll's attack.
You hit the gnoll but do no damage.
The gnoll is lightly wounded.
The gnoll hits you with a spear!
* * * LOW HITPOINT WARNING * * *
You block the gnoll's attack.
You slash the gnoll!
The gnoll is severely wounded.
The gnoll completely misses you. You block the gnoll's attack.
You hit the gnoll.
The gnoll is almost dead.
You block the gnoll's attack. x2
You slash the gnoll!
You kill the gnoll!
Trog accepts your kill.
The gnoll hits you from afar with a spear!
You die...

....# #.#
#.#.# #.#
#.#.## #.#
##....## #(#
#......#######
#(#
.............#
#.#
.......#####.#
#.# .#....###
#.#####(#
........#
#..g)@..#
...#.##.#
#..######
...#.# .# #..#
.....# # #..#
...### #..#
...# #..# ....
#..# .#...
...# ......


You could see a gnoll.

Vanquished Creatures
  2 gnolls (D:2)
  An adder (D:1)
  3 giant geckos (D:1)
  2 bats (D:1)
  A giant cockroach (D:2)
  4 hobgoblins
  4 jackals (D:1)
  2 ball pythons
  A giant newt (D:2)
  7 goblins
  5 kobolds
  7 rats
39 creatures vanquished.

Notes
Turn   | Place    | Note
--------------------------------------------------------------
     0 | D:1      | CougarLife the Hill Orc Berserker began the quest for the Orb.
     0 | D:1      | Reached XP level 1. HP: 19/19 MP: 1/1
   270 | D:1      | Reached XP level 2. HP: 15/27 MP: 2/2
  1102 | D:1      | Reached XP level 3. HP: 33/33 MP: 3/3
  1133 | D:1      | Reached ** piety under Trog
  2210 | D:2      | Reached XP level 4. HP: 18/40 MP: 4/4
  2219 | D:2      | Slain by a gnoll

Skill      XL: |  1  2  3 |
---------------+----------+-----
Fighting       | 4 |  4.3
Dodging        | 2 |  2.3
Long Blades    | 4 |  4.1
Armour         | |  2.4
Stealth        | |  0.1

Action                   |  1- 3 |  4- 6 || total
-------------------------+-------+-------++-------
Melee: Falchion          |   103 |     5 ||   108
Invok: Berserk           |     1 |       ||     1
  Use: Scroll            |     6 |       ||     6
 Stab: Sleeping          |     1 |       ||     1
  Eat: Beef jerky        |     1 |       ||     1
       Meat ration       |     1 |       ||     1
Armor: Animal skin       |    21 |       ||    21
Dodge: Dodged            |    76 |     2 ||    78
Block: Shield            |     6 |     5 ||    11
